Map: Deathaura LE

Players

MarineLorD

  • Race: Terran Terran
  • League: Master
  • Spawn Location: 5:00

Denver - Winner!

  • Race: Zerg Zerg
  • League: Grandmaster
  • Spawn Location: 11:00

Event: DreamHack SC2 Masters 2020 Fall

VOD

Have the link to the VOD?

Description

Time

  • Played on: Aug. 27, 2020, 12:13 p.m.
  • Length: 21:19

All games in this series

Show
View Real Time Build Order
Export as new Build Order

MarineLorD Terran 

Build Orders: Reaper Expand 

Get SALT Encoding   

  12  0:00  SCV  
  13  0:12  SCV  
  14  0:16  Supply Depot  
  14  0:24  SCV  
  15  0:38  SCV  
  15  0:41  Barracks  
  16  0:44  Refinery  
  16  0:50  SCV  
  17  1:02  SCV  
  18  1:14  SCV  
  19  1:27  Orbital Command  
  19  1:28  Reaper  
  20  1:38  Command Center  
  20  1:48  Supply Depot  
  20  1:52  SCV  
  21  1:59  Marine  
  22  2:04  SCV  
  22  2:07  Factory  
  23  2:17  SCV  
  23  2:21  Barracks Reactor  
  24  2:29  SCV  
  25  2:40  Command Center  
  25  2:41  SCV  
  26  2:50  Orbital Command  
  26  2:53  SCV  
  27  3:06  SCV, Barracks  
  27  3:07  Barracks Tech Lab  
  27  3:09  Hellion  
  27  3:12  Hellion  
  32  3:18  SCV  
  34  3:20  SCV  
  34  3:27  Marine  
  34  3:28  Stimpack, Refinery  
  34  3:30  SCV  
  34  3:32  SCV  
  37  3:42  SCV  
  37  3:44  SCV  
  37  3:45  Marine  
  40  3:53  Orbital Command  
  40  3:54  SCV, Supply Depot  
  41  3:56  SCV  
  42  4:03  Marine  
  42  4:04  Marine x2  
  42  4:06  SCV, Factory Reactor  
  42  4:07  Starport  
  42  4:08  SCV  
  47  4:18  SCV  
  47  4:20  SCV, Marine  
  47  4:21  SCV  
  47  4:22  Supply Depot  
  47  4:23  Marine x2  
  53  4:30  SCV  
  54  4:32  SCV  
  54  4:33  SCV  
  54  4:38  Supply Depot, Marine  
  56  4:41  Marine x2  
  56  4:42  SCV  
  56  4:44  SCV  
  61  4:45  SCV  
  61  4:48  Engineering Bay  
  61  4:49  Engineering Bay, Refinery  
  61  4:50  Supply Depot, Refinery  
  62  4:52  Medivac  
  62  4:53  Medivac  
  62  4:55  SCV, Orbital Command  
  62  4:56  SCV  
  62  4:58  Factory Tech Lab  
  68  5:01  Marine x3  
  68  5:07  SCV  
  72  5:11  SCV  
  72  5:14  Supply Depot  
  73  5:15  Terran Infantry Weapons Level 1  
  73  5:18  Terran Infantry Armor Level 1  
  73  5:19  SCV  
  73  5:20  SCV  
  75  5:21  Marine  
  75  5:22  Marine x2  
  75  5:23  SCV  
  79  5:30  Supply Depot  
  79  5:31  SCV  
  79  5:32  SCV  
  81  5:35  SCV  
  81  5:39  Marine x3, Siege Tank  
  88  5:43  SCV  
  88  5:45  SCV  
  88  5:48  SCV, Barracks  
  91  5:55  SCV  
  91  5:57  SCV, Marine x2  
  93  6:00  SCV, Marine  
  92  6:07  SCV, Barracks  
  92  6:09  SCV, Barracks  
  94  6:12  SCV  
  94  6:15  Marine x2  
  94  6:17  Marine  
  95  6:19  SCV  
  95  6:21  SCV  
  91  6:28  Medivac  
  91  6:29  Medivac  
  91  6:32  Supply Depot  
  93  6:33  Marine x2  
  93  6:35  Armory, Marine  
  95  6:41  Barracks Reactor  
  95  6:43  SCV x2  
  95  6:45  Refinery x2  
  97  6:48  Supply Depot, Siege Tank  
  97  6:51  Marine x2  
  97  6:53  Marine  
  103  6:54  SCV  
  103  6:55  Barracks Reactor, Supply Depot  
  103  6:57  Barracks Reactor  
  104  7:03  Command Center  
  104  7:08  Marine x2  
  104  7:10  SCV x2  
  104  7:11  Marine  
  109  7:17  Medivac x2  
  109  7:20  Siege Tank  
  109  7:22  Supply Depot  
  116  7:26  Supply Depot, Marine x2  
  116  7:27  Marine x2  
  116  7:29  Marine  
  121  7:33  Missile Turret  
  121  7:34  Marine x2  
  121  7:35  Marine x2  
  125  7:39  SCV x3  
  125  7:41  Terran Infantry Armor Level 2, Terran Vehicle And Ship Armor Level 1, Terran Infantry Weapons Level 2  
  128  7:44  Marine x2  
  128  7:45  Marine x2  
  128  7:47  Marine  
  133  7:52  Command Center, Marine x3  
  133  7:53  Marine  
  137  8:02  Marine x2  
  137  8:03  Marine x2  
  137  8:05  Combat Shield  
  141  8:08  Supply Depot  
  141  8:09  Supply Depot  
  141  8:11  Marine x2  
  141  8:15  Factory  
  141  8:17  Sensor Tower  
  141  8:21  Supply Depot  
  141  8:22  Supply Depot  
  141  8:23  Supply Depot  
  141  8:29  Medivac x2, Marine x4  
  141  8:30  Marine x5, Siege Tank  
  156  8:34  Missile Turret  
  156  8:35  Missile Turret  
  155  8:47  SCV x2, Marine x4  
  155  8:48  Marine x5  
  166  9:01  Factory Reactor, Drilling Claws  
  166  9:02  Thor  
  172  9:04  Marine x4  
  172  9:05  Marine x2  
  172  9:07  Marine  
  172  9:08  Marine  
  181  9:14  Missile Turret  
  181  9:16  Missile Turret  
  181  9:20  Missile Turret  
  181  9:22  Missile Turret, Marine x2  
  181  9:26  Barracks  
  181  9:27  Barracks x2  
  181  9:29  Marine x2  
  182  9:41  Widow Mine x2  
  182  9:42  Medivac x2  
  182  9:43  SCV x3  
  182  9:44  Planetary Fortress  
  193  10:06  Supply Depot x2  
  189  10:07  Command Center  
  189  10:16  Marine x2  
  189  10:17  Marine x3  
  189  10:18  Marine  
  189  10:19  Medivac, Marine x2, Widow Mine  
  189  10:20  Marauder, Widow Mine  
  189  10:21  Thor  
  184  10:33  SCV x2  
  184  10:34  Marine x2  
  184  10:35  Marine x2  
  179  10:38  SCV x2  
  179  10:41  Marauder, Widow Mine x2  
  181  10:44  Barracks Tech Lab x3  
  181  10:45  Marine x3  
  179  10:50  Missile Turret, Marine  
  179  10:52  Marine x2  
  179  10:53  Marine  
  183  11:00  Marine  
  183  11:01  Missile Turret  
  183  11:02  Marine, Widow Mine  
  183  11:03  Marine  
  188  11:06  Supply Depot  
  188  11:17  Marine  
  188  11:18  Marine x4  
  188  11:19  Marauder x2, Widow Mine x2  
  188  11:23  Widow Mine  
  188  11:24  Marine x2  
  188  11:25  Marauder  
  192  11:29  Marine x2  
  183  11:35  Marine  
  183  11:36  Marine  
  183  11:38  Marine x3  
  181  11:40  Widow Mine  
  181  11:43  Widow Mine  
  183  11:51  Medivac x2  
  183  11:53  SCV x4  
  186  11:59  Planetary Fortress  
  186  12:04  Missile Turret  
  186  12:05  SCV  
  186  12:06  Terran Infantry Weapons Level 3  
  185  12:09  Terran Infantry Armor Level 3  
  185  12:17  Missile Turret x2  
  185  12:21  SCV x2, Sensor Tower x2  
  185  12:22  SCV x2  
  189  12:25  Medivac x2  
  189  12:28  Marauder  
  195  12:30  Marauder x2  
  195  12:36  Marine  
  199  12:53  SCV  
  199  12:54  SCV  
  200  13:02  Missile Turret x2  
  200  13:04  Missile Turret x2  
  200  13:09  Marine  
  200  13:10  Marauder, Marine x2  
  190  13:16  Marauder  
  148  13:20  Widow Mine x2  
  148  13:21  Marauder  
  148  13:24  Marauder, Marine x2  
  148  13:25  Marine x2  
  148  13:26  Marine  
  155  13:27  Marine  
  155  13:28  Widow Mine  
  155  13:30  Marine x2  
  155  13:31  Marauder  
  160  13:38  Marauder  
  151  13:41  Marine x2, Widow Mine  
  151  13:42  Widow Mine  
  151  13:43  Marauder, Marine x2  
  151  13:44  Marine x2  
  151  13:45  Marine  
  151  13:48  SCV x4, Command Center, Marine  
  148  13:49  Widow Mine  
  151  13:58  Medivac x2  
  151  14:01  Terran Vehicle And Ship Armor Level 2  
  151  14:02  Ghost Academy  
  159  14:03  Marauder x2, Marine x3, Widow Mine x2  
  159  14:05  Marine x3  
  159  14:08  Refinery x2  
  159  14:09  Refinery x2  
  169  14:12  Marauder x2, Marine x2  
  169  14:14  Siege Tank  
  178  14:19  Missile Turret  
  178  14:20  Supply Depot  
  178  14:21  Supply Depot  
  174  14:24  Marine x3, Widow Mine  
  174  14:25  Marauder, Marine x3  
  174  14:30  Marine x2  
  188  14:31  Liberator  
  188  14:35  Widow Mine  
  188  14:37  Ghost x3  
  197  14:39  Personal Cloaking  
  197  14:45  Marine x3  
  200  14:59  Medivac  
  196  15:06  Marine  
  196  15:07  Marauder, Marine  
  198  15:09  Marine  
  193  15:14  Medivac  
  191  15:22  Marauder, Marine x3, Widow Mine x2  
  200  15:30  Planetary Fortress  
  200  15:34  Command Center  
  200  15:36  Command Center  
  200  15:39  Sensor Tower  
  200  15:49  Widow Mine x2  
  183  15:50  Marine x2  
  183  15:51  Marauder, Marine x5  
  183  15:52  Marauder  
  191  15:58  Marine  
  191  15:59  Marauder  
  191  16:00  Marauder  
  194  16:07  Hi-Sec Auto Tracking, Neosteel Armor  
  194  16:08  Marine  
  194  16:09  Marine  
  194  16:10  Marine  
  195  16:16  Marauder, Marine x3  
  195  16:17  Marauder  
  186  16:32  Marauder, Marine x2  
  164  16:33  Marine  
  164  16:34  Marine  
  164  16:35  Marauder, Marine x2  
  164  16:36  Marine x2  
  164  16:37  Marauder  
  164  16:39  Marauder  
  178  16:42  Widow Mine x2  
  178  16:43  Sensor Tower  
  178  16:45  Widow Mine  
  184  16:53  Marine x3  
  184  16:54  Marauder  
  185  16:55  Marine x2  
  185  16:56  Marauder, Marine x3  
  185  17:01  Marauder, Marine  
  195  17:11  Widow Mine x2, Marine x3  
  195  17:13  Marine x2  
  195  17:15  Marauder  
  191  17:18  Marauder  
  191  17:20  Widow Mine  
  191  17:21  Marauder, Marine x3  
  171  17:23  Marauder  
  171  17:29  Marine x3  
  156  17:31  Marine x2  
  156  17:32  Widow Mine x2  
  156  17:36  Marauder  
  147  17:38  Marine  
  147  17:39  Marauder  
  147  17:42  Marauder, Widow Mine  
  143  17:45  Marine x2  
  143  17:46  Marauder  
  143  17:47  Marine x3  
  143  17:49  Marine x2  
  133  17:53  Widow Mine  
  133  17:54  Widow Mine  
  133  17:55  SCV x2  
  133  17:56  Planetary Fortress, Marine  
  133  17:58  Marauder  
  130  18:00  Marine  
  130  18:03  Medivac x2, Marine x2  
  130  18:04  Marauder, Marine x2  
  130  18:05  Marine  
  122  18:07  Marauder, Marine x2  
  122  18:14  Marine  
  122  18:18  Marauder  
  122  18:19  Marauder  
  127  18:21  Marine x2  
  127  18:22  Widow Mine x2  
  127  18:23  Marine  
  136  18:27  Marine  
  136  18:28  Marine  
  136  18:38  Widow Mine  
  132  18:44  Ghost x4, Widow Mine  
  132  18:47  Widow Mine  
  137  18:51  Medivac  
  137  18:55  Medivac  
  141  19:02  Widow Mine  
  143  19:09  Missile Turret  
  143  19:11  Planetary Fortress  
  143  19:12  SCV x2, Missile Turret  
  143  19:13  SCV  
  142  19:17  Marine  
  142  19:18  Marauder, Marine  
  142  19:24  Widow Mine x2  
  142  19:25  Widow Mine  
  142  19:28  Marauder x2, Marine x2  
  142  19:29  Marauder  
  156  19:31  SCV x4  
  160  19:41  Marauder  
  162  19:48  Marine x3  
  162  19:49  Marine  
  162  19:50  Marauder x2  
  162  19:52  Marauder, Marine  
  150  20:00  Marine x3  
  150  20:02  Marauder  
  150  20:06  Marine  
  144  20:10  Marine x4  
  144  20:11  Marauder, Marine  
  144  20:13  Orbital Command  
  137  20:27  Marauder, Marine x2  
  112  20:28  Marine x2  
  112  20:29  Marine x2  
  105  20:36  Orbital Command  
  103  20:43  Marauder, Marine x2  
  103  20:44  Widow Mine  
  108  20:50  SCV x2  
  109  20:57  Marauder  
  109  21:01  Marine  
Show
View Real Time Build Order
Export as new Build Order

Denver Zerg - Winner!

Build Orders: Hatch First, Muta Ling Bane 

Get SALT Encoding   

  12  0:00  Drone  
  13  0:13  Overlord  
  13  0:17  Drone  
  14  0:31  Drone x2  
  16  0:48  Hatchery  
  15  0:51  Drone  
  15  0:55  Drone  
  17  0:59  Drone  
  18  1:11  Extractor  
  18  1:15  Spawning Pool  
  16  1:19  Drone  
  16  1:22  Drone  
  18  1:28  Drone  
  19  1:39  Drone  
  20  1:50  Overlord  
  20  2:02  Queen x2  
  20  2:03  Zergling x4  
  26  2:10  Metabolic Boost  
  26  2:13  Drone  
  26  2:15  Drone  
  28  2:23  Drone x2  
  30  2:30  Extractor  
  30  2:34  Drone  
  30  2:37  Drone  
  32  2:44  Hatchery  
  32  2:47  Drone  
  32  2:49  Drone  
  33  2:53  Overlord  
  33  2:57  Drone  
  34  3:03  Queen  
  36  3:13  Drone x4  
  40  3:20  Overlord  
  40  3:21  Pneumatized Carapace  
  40  3:23  Drone  
  41  3:28  Overlord  
  41  3:31  Drone x2  
  43  3:38  Drone  
  44  3:41  Queen  
  44  3:45  Zergling x2  
  44  3:46  Zergling x4  
  50  3:48  Drone x2  
  50  3:54  Baneling Nest  
  50  3:57  Queen  
  50  3:58  Drone  
  50  3:59  Drone  
  50  4:00  Drone  
  55  4:09  Drone x3  
  58  4:12  Drone  
  58  4:13  Drone x2  
  58  4:14  Overlord  
  58  4:16  Overlord  
  61  4:22  Queen  
  61  4:24  Overlord  
  63  4:26  Drone  
  63  4:30  Drone x2  
  66  4:32  Overlord  
  66  4:36  Lair  
  66  4:38  Queen  
  66  4:41  Overlord  
  66  4:43  Drone  
  69  4:46  Drone  
  69  4:47  Drone x2  
  69  4:51  Extractor  
  69  4:52  Overlord, Extractor  
  70  4:53  Drone x3  
  70  4:58  Drone x4  
  70  4:59  Drone  
  78  5:00  Drone  
  79  5:08  Zergling x2  
  79  5:09  Zergling x4  
  79  5:10  Extractor  
  79  5:14  Zergling x2  
  82  5:19  Zergling x2, Baneling x4  
  82  5:20  Zergling x6  
  86  5:23  Zergling x4  
  86  5:25  Zergling x2  
  86  5:26  Zergling x4  
  91  5:28  Hatchery  
  91  5:29  Zergling x2, Extractor  
  91  5:33  Overlord, Drone  
  91  5:34  Drone x3  
  94  5:37  Centrifical Hooks  
  94  5:40  Drone  
  95  5:46  Spire  
  95  5:48  Zergling x8  
  95  5:49  Extractor  
  97  5:53  Overlord  
  97  5:55  Drone x3  
  99  6:02  Zergling x8  
  103  6:11  Zergling x8  
  106  6:15  Drone  
  100  6:20  Evolution Chamber  
  100  6:21  Evolution Chamber  
  100  6:23  Zergling x2  
  100  6:24  Zergling x4  
  98  6:28  Zergling x14  
  98  6:29  Queen  
  106  6:33  Hatchery  
  106  6:34  Drone  
  106  6:36  Drone x3  
  106  6:37  Drone  
  110  6:41  Baneling x5  
  110  6:43  Drone  
  110  6:44  Drone x2  
  113  6:48  Drone  
  113  6:49  Baneling  
  113  6:50  Baneling x3  
  113  6:52  Zerg Melee Weapons Level 1, Zerg Ground Armor Level 1  
  114  6:54  Drone  
  114  6:56  Overlord  
  114  6:57  Baneling  
  114  6:58  Baneling x2  
  114  7:03  Zerg Flyer Weapons Level 1  
  114  7:04  Drone x3  
  114  7:05  Drone  
  118  7:09  Mutalisk  
  118  7:11  Overlord  
  118  7:14  Overlord x2  
  118  7:16  Mutalisk x2  
  118  7:22  Mutalisk x2  
  126  7:25  Mutalisk  
  126  7:28  Overlord x2  
  126  7:29  Extractor  
  127  7:30  Overlord  
  127  7:34  Mutalisk x2  
  130  7:37  Mutalisk  
  130  7:40  Mutalisk  
  134  7:44  Zergling x14  
  134  7:49  Mutalisk  
  134  7:50  Zergling x10  
  142  7:53  Baneling x4  
  142  7:56  Zergling x8  
  141  7:59  Overlord  
  141  8:03  Zergling x8  
  145  8:06  Mutalisk x2  
  145  8:09  Drone  
  145  8:10  Drone x3  
  153  8:13  Mutalisk  
  153  8:17  Zergling x2  
  153  8:18  Zergling x8  
  160  8:20  Overlord  
  160  8:21  Overlord  
  160  8:26  Zergling x10  
  165  8:34  Hatchery  
  164  8:37  Mutalisk x2  
  164  8:38  Mutalisk  
  170  8:45  Drone  
  170  8:46  Drone x6  
  170  8:47  Drone  
  178  8:52  Mutalisk x3  
  184  9:02  Infestation Pit  
  182  9:05  Baneling  
  182  9:06  Baneling x8  
  182  9:09  Zergling x18  
  191  9:15  Zerg Ground Armor Level 2  
  191  9:19  Zerg Melee Weapons Level 2  
  191  9:20  Zergling x4  
  191  9:21  Zergling x2  
  194  9:32  Burrow  
  194  9:36  Zergling x2  
  194  9:37  Zergling x10  
  200  9:39  Hive  
  200  9:41  Zerg Flyer Weapons Level 2  
  200  9:45  Baneling x3  
  200  9:48  Baneling x2  
  200  9:50  Overlord x3  
  200  9:56  Baneling x6  
  200  9:57  Baneling  
  200  10:04  Baneling x3  
  200  10:05  Baneling x2  
  192  10:12  Zergling x20  
  198  10:15  Drone x3  
  198  10:20  Zergling x2  
  198  10:21  Zergling x28  
  200  10:23  Drone  
  200  10:27  Zergling x14  
  196  10:37  Zergling x6  
  196  10:40  Drone  
  196  10:41  Drone  
  197  10:45  Hatchery  
  193  10:54  Zergling x14  
  198  11:03  Drone x2  
  199  11:04  Adrenal Glands  
  196  11:13  Baneling x8  
  196  11:14  Ultralisk Cavern, Baneling x2  
  196  11:15  Zergling x8  
  197  11:25  Zergling x14  
  200  11:30  Zergling x18  
  199  11:35  Baneling x7  
  186  11:43  Zergling x2  
  186  11:44  Zergling x28  
  199  11:52  Zergling x2  
  199  11:55  Zerg Ground Armor Level 3  
  199  11:56  Zerg Melee Weapons Level 3  
  199  11:59  Baneling x6  
  199  12:00  Baneling x6  
  199  12:04  Extractor  
  199  12:05  Overseer x2  
  198  12:11  Baneling x6  
  198  12:17  Drone, Baneling x6  
  198  12:20  Chitinous Plating  
  180  12:54  Zergling x36, Ultralisk  
  196  13:04  Zergling x8  
  188  13:17  Zergling x8, Ultralisk x5  
  197  13:20  Baneling x4  
  197  13:24  Zergling x2  
  197  13:25  Zergling x10  
  200  13:28  Extractor x2  
  191  13:34  Zergling x2  
  191  13:35  Zergling x16  
  191  13:39  Anabolic Synthesis  
  181  13:41  Zergling x24  
  181  13:42  Zergling x14  
  191  13:59  Ultralisk  
  197  14:06  Baneling x21  
  197  14:12  Hatchery  
  196  14:28  Overseer  
  196  14:33  Baneling x9  
  196  14:35  Hatchery  
  196  14:39  Zerg Flyer Weapons Level 3  
  196  14:43  Baneling x14  
  196  14:45  Drone x4  
  198  14:52  Baneling  
  200  14:54  Overseer  
  198  15:03  Zergling x6  
  177  15:14  Zergling x38  
  188  15:21  Zergling x24  
  200  15:35  Baneling x16  
  200  15:45  Zergling x38  
  193  16:03  Zergling x14  
  198  16:11  Overseer  
  198  16:12  Overlord  
  198  16:13  Overlord x2  
  198  16:14  Overseer x3  
  189  16:31  Zergling x12  
  189  16:32  Zergling x20, Ultralisk x2  
  182  16:37  Baneling x2  
  182  16:38  Zergling x2, Baneling x9  
  182  16:39  Zergling x24  
  189  16:40  Drone x11  
  189  16:46  Baneling x5  
  198  16:54  Drone x2  
  198  16:59  Baneling  
  198  17:00  Baneling x14  
  180  17:18  Ultralisk x4  
  193  17:29  Zergling x20  
  183  17:34  Zergling x24  
  183  17:44  Zergling x16  
  176  17:52  Zergling x2  
  176  17:53  Zergling x10  
  168  17:58  Ultralisk  
  168  17:59  Ultralisk  
  162  18:06  Mutalisk x5  
  170  18:14  Overseer  
  170  18:19  Drone x9  
  168  18:38  Queen x2  
  167  18:51  Baneling x7  
  167  18:54  Mutalisk x6  
  179  18:57  Overlord x4  
  179  19:02  Baneling x14  
  179  19:03  Overseer  
  179  19:26  Zergling x10  
  179  19:27  Zergling x28  
  198  19:35  Baneling  
  198  19:36  Baneling x2  
  198  19:40  Hatchery  
  182  19:55  Zergling x44  
  193  20:06  Zergling x28  
  168  20:24  Zergling x2  
  168  20:25  Zergling x26, Ultralisk  
  170  20:38  Baneling  
  170  20:39  Baneling x8  
  170  20:43  Queen x3  
  170  20:48  Mutalisk x8  
  192  20:57  Baneling x24  
  192  20:59  Overseer x3  
  192  21:10  Extractor x2  

Tags
 
Add a new tag
Caveats
  • Supply blocks, unpowered buildings, or Contaminate may cause inaccurate times.
  • Supply counts are checked every 10 seconds.